 Dungeon Crawl Stone Soup version 0.28.0-47-ge53b351184 (webtiles) character file.

Game seed: 13175481780099434854

3147 101zpm the Chiller (level 9, -8/70 HPs)
             Began as a Pale Draconian Ice Elementalist on Apr 28, 2022.
             Mangled by Harold
             ... wielding a +0 mace
              (13 damage)
             ... on level 7 of the Dungeon.
             The game lasted 00:26:38 (8788 turns).

101zpm the Chiller (DrIE)                           Turns: 8788, Time: 00:26:39

Health: -8/70      AC: 19    Str: 11    XL:     9   Next: 62%
Magic:  2/19       EV: 13    Int: 20    God:
Gold:   282        SH:  0    Dex: 11    Spells: 7/22 levels left

rFire   . . .      SeeInvis +   C - +1 club (spect)
rCold   . . .      Faith    .   (no shield)
rNeg    . . .      Spirit   .   (armour unavailable)
rPois   .          Reflect  .   s - +1 hat
rElec   .          Harm     .   (no cloak)
rCorr   .          Rampage  .   (no gloves)
Will    .....                   c - +2 pair of boots
Stlth   ++........              (no amulet)
HPRegen 0.21/turn               a - ring of flight
MPRegen 0.16/turn               x - ring of see invisible

@: ice-armoured, marked, freezing walls, flying, hasted, very quick
A: breathe steam, AC +7, unfitting armour, cold-blooded, steam resistance
a: Breathe Steam


You were on level 7 of the Dungeon.
You visited 2 branches of the dungeon, and saw 8 of its levels.
You also visited: Ossuary.

You collected 282 gold pieces.

Inventory:

Hand Weapons
 l - a +1 vorpal trident
 C - a +1 spectral club (weapon)
Missiles
 E - a throwing net
Armour
 c - a +2 pair of boots (worn)
 s - a +1 hat (worn)
Jewellery
 a - a ring of flight (left hand)
 x - a ring of see invisible (right hand)
 B - a +6 ring of dexterity
Wands
 v - a wand of iceblast (14)
 w - a wand of polymorph (6)
Scrolls
 i - 2 scrolls of blinking {unknown}
 k - a scroll of immolation {unknown}
 m - 4 scrolls of identify {unknown}
 n - 4 scrolls of teleportation {unknown}
 o - a scroll of enchant weapon {unknown}
 r - a scroll of holy word {unknown}
 u - 2 scrolls of magic mapping
 y - a scroll of amnesia {unknown}
 A - 2 scrolls of vulnerability {unknown}
 D - a scroll of brand weapon {unknown}
 F - a scroll of silence {unknown}
 G - a scroll of enchant armour
Potions
 b - a potion of flight {unknown}
 d - 2 potions of heal wounds {unknown}
 e - a potion of invisibility {unknown}
 f - 2 potions of mutation {unknown}
 g - 4 potions of brilliance {unknown}
 h - a potion of attraction {unknown}
 j - 3 potions of haste
 p - a potion of cancellation {unknown}
 q - a potion of curing {unknown}
 t - 2 potions of degeneration {unknown}
 z - a potion of might {unknown}


   Skills:
 + Level 3.3 Fighting
 + Level 0.2 Short Blades
 + Level 2.6 Maces & Flails
 + Level 5.2 Polearms
 + Level 4.2 Dodging
 + Level 3.3 Stealth
 + Level 7.2 Spellcasting
 + Level 1.4 Transmutations
 + Level 7.7 Ice Magic
 + Level 1.3 Poison Magic


You had 7 spell levels left.
You knew the following spells:

 Your Spells              Type           Power      Damage    Failure   Level
a - Freeze                Ice            100%       1d11      1%          1
b - Frozen Ramparts       Ice            76%        1d9       1%          3
c - Ozocubu's Armour      Ice            38%        N/A       1%          3
d - Sting                 Tmut/Pois      48%        1d5       5%          1
e - Searing Ray           Conj           14%        2d5       14%         2
f - Hailstorm             Conj/Ice       22%        3d7       19%         4
g - Beastly Appendage     Tmut           26%        N/A       4%          1

Your spell library contained the following spells:

 Spells                   Type           Power      Damage    Failure   Level
 Wereblood                Tmut           13%        N/A       8%          2
 Magic Dart               Conj           28%        1d4       10%         1
 Poisonous Vapours        Pois/Air       18%        N/A       11%         2
 Sublimation of Blood     Necr           7%         N/A       14%         2
 Spider Form              Tmut/Pois      12%        N/A       16%         3
 Dazzling Flash           Conj/Hex       14%        N/A       28%         3
 Olgreb's Toxic Radiance  Pois           12%        N/A       45%         4
 Petrify                  Tmut/Erth      10%        N/A       56%         4
 Fulminant Prism          Conj/Hex       3%         3d6       67%         4
 Irradiate                Conj/Tmut      5%         3d15      88%         5
 Agony                    Necr           7%         N/A       95%         5
 Silence                  Hex/Air        3%         N/A       95%         5


Dungeon Overview and Level Annotations

Branches:
Dungeon (7/15)             Temple (1/1) D:6         Ossuary (visited)

Altars:
Cheibriados
Dithmenos
Elyvilon
Fedhas
Gozag
Hepliaklqana
Kikubaaqudgha
Nemelex Xobeh
Qazlal
Ru
Sif Muna
Trog
Uskayaw
Vehumet
Wu Jian
Xom
Yredelemnul
Zin
The Shining One

Shops:
D:2 *   D:4 (   D:5 ((   D:6 (

Annotations:
D:3 3 runed translucent doors, burn09's ghost, weakling SpEn
D:5 exclusion: oklob plant
D:7 Harold


Innate Abilities, Weirdness & Mutations

You can breathe blasts of scalding, opaque steam.
Your pale cyan-grey scales are hard. (AC +7)
You cannot fit into any form of body armour.
You are cold-blooded and may be slowed by cold attacks.
You are immune to the effects of steam.


Message History

Confirm with . or Enter, or press ? or * to list all spells.
Aiming: Sting (safe; 5% risk of failure)
Press: ? - help, Shift-Dir - straight line, f/p - Harold
Aim: Harold, wielding a +0 mace and wearing a +0 scale mail (black smoke, heavily wounded, poisoned, 83% to hit)
The sting hits Harold but does no damage.
Harold looks even sicker.
Harold is heavily wounded.
The wall freezes Harold.
Harold hits you with a +0 mace!
* * * LOW HITPOINT WARNING * * *
You hit Harold. Your kick misses Harold. Your headbutt misses Harold.
You tail-slap Harold.
Harold is severely wounded.
Your +1 spectral club hits Harold.
The wall freezes Harold.
Harold hits you with a +0 mace.
* * * LOW HITPOINT WARNING * * *
Casting: Sting (safe; 5% risk of failure)
Confirm with . or Enter, or press ? or * to list all spells.
Aiming: Searing Ray (safe; 14% risk of failure)
Press: ? - help, Shift-Dir - straight line, f/p - Harold
Aim: Harold, wielding a +0 mace and wearing a +0 scale mail (severely wounded, very poisoned, 84% to hit)
The searing ray hits Harold.
Harold is severely wounded. (Press . to maintain the ray.)
The frozen ramparts melt away.
Harold points at you and mumbles some strange words.
The mark upon you grows brighter.
Casting: Searing Ray (safe; 14% risk of failure)
Confirm with . or Enter, or press ? or * to list all spells.
Casting: Frozen Ramparts (safe; 1% risk of failure)
Press: ? - help, Dir - look around, f - activate The walls around you are covered in ice.
A howler monkey comes into view.
The wall freezes Harold!
Harold hits you with a +0 mace.
* * * LOW HITPOINT WARNING * * *
It was a potion of haste.
You feel yourself speed up.
Your horns disappear.
Your talons disappear.
Your +1 hat unmelds from your body.
Your +2 pair of boots unmelds from your body.
The wall freezes Harold.
Harold hits you with a +0 mace!
You die...

...........# ###.
[...........# #.
#.h.........# #.
.......!....# #.
............# #.
............# ##
............#
#......?.###############
##...@@††..............
...#.###################
# .... #### #... #.##
#.# #.# #.#


You could see Harold (poisoned) and a howler monkey.

Vanquished Creatures
  Pikel (D:5)
  Grinder (D:5)
  3 water moccasins
  2 orc warriors (D:6)
  2 sky beasts
  A hornet zombie (D:6)
  3 ogres
  2 bullfrogs
  3 scorpions
  An elf zombie (Ossuary)
  A wyvern zombie (D:4)
  A water moccasin skeleton (D:6)
  2 howler monkeys (D:7)
  A centaur zombie (D:5)
  3 hounds
  A human zombie (Ossuary)
  3 orc priests
  3 centaur skeletons
  Jessica (D:2)
  6 orc wizards
  An iguana (D:6)
  Ijyb (D:5)
  2 scorpion zombies (D:5)
  2 hound zombies (D:5)
  2 mummies (Ossuary)
  3 gnolls (D:6)
  5 adders
  3 shadow imps
  3 white imps
  An adder zombie (Ossuary)
  A worm (D:3)
  An adder skeleton (D:4)
  2 dart slugs
  22 orcs
  9 endoplasms
  7 giant cockroaches
  2 goblins
  5 hobgoblins
  4 jackals (D:3)
  3 quokkas
  7 ball pythons
  11 bats
  2 frilled lizards
  4 goblin zombies (Ossuary)
  9 hobgoblin zombies (Ossuary)
  A jackal zombie (Ossuary)
  7 kobolds
  11 kobold zombies (Ossuary)
  7 orc zombies (Ossuary)
  3 rats
  2 rat zombies (Ossuary)
184 creatures vanquished.

Vanquished Creatures (others)
  A plant (D:6)
1 creature vanquished.

Grand Total: 185 creatures vanquished

Notes
Turn   | Place    | Note
-------+----------+-------------------------------------------
     0 | D:1      | 101zpm the Draconian Ice Elementalist began the quest for
                  | the Orb.
     0 | D:1      | Reached XP level 1. HP: 14/14 MP: 3/3
   546 | D:1      | Reached XP level 2. HP: 20/20 MP: 1/5
  1034 | D:1      | Found a faded altar of an unknown god.
  1478 | D:2      | Reached XP level 3. HP: 22/26 MP: 3/6
  1749 | D:2      | Learned a level 3 spell: Frozen Ramparts
  1753 | D:2      | Learned a level 3 spell: Ozocubu's Armour
  1835 | D:2      | Found Alizuetz's Assorted Antiques.
  1990 | D:2      | Noticed Jessica
  2405 | D:3      | Reached XP level 4. HP: 33/33 MP: 8/8
  2428 | D:3      | Reached skill level 5 in Ice Magic
  2433 | D:3      | Reached XP level 5. HP: 35/38 MP: 0/9
  2867 | D:3      | Noticed burn09's ghost (weakling SpEn)
  2870 | D:3      | Found a runed translucent gate.
  2871 | D:3      | Found a runed translucent gate.
  2876 | D:3      | Found a runed translucent gate.
  2883 | D:3      | Reached skill level 1 in Polearms
  3330 | D:2      | Killed Jessica
  3607 | D:4      | Reached skill level 1 in Fighting
  3607 | D:4      | Reached XP level 6. HP: 37/47 MP: 11/11
  3609 | D:4      | Learned a level 1 spell: Sting
  3620 | D:4      | Found a sand-covered staircase.
  3625 | Ossuary  | Entered an ossuary
  4663 | D:4      | Your scales start taking on a pale cyan-grey colour.
  4663 | D:4      | Reached XP level 7. HP: 53/53 MP: 12/12
  4663 | D:4      | Gained mutation: You are immune to the effects of steam.
                  | [Pale Draconian growth]
  4727 | D:4      | Found Ireer's Antique Weapon Boutique.
  4743 | D:4      | You are sucked into a shaft and drop 1 floor!
  4743 | D:5      | Entered Level 5 of the Dungeon
  4744 | D:5      | Found a bloodstained altar of Trog.
  4910 | D:5      | Noticed Pikel
  4920 | D:5      | Killed Pikel
  4921 | D:5      | Reached XP level 8. HP: 40/62 MP: 4/14
  5522 | D:5      | Reached skill level 5 in Polearms
  5949 | D:5      | Noticed Ijyb
  5953 | D:5      | Killed Ijyb
  6164 | D:5      | Found Reluox's Antique Weapon Shoppe.
  6166 | D:5      | Noticed Grinder
  6167 | D:5      | Paralysed by Grinder for 5 turns
  6190 | D:5      | Killed Grinder
  6191 | D:5      | Reached skill level 5 in Spellcasting
  6361 | D:5      | Found Xisex's Antique Weapon Emporium.
  6587 | D:5      | Found a blossoming altar of Fedhas.
  6601 | D:5      | Noticed an oklob plant
  6909 | D:6      | Reached XP level 9. HP: 55/68 MP: 14/18
  7015 | D:6      | Reached skill level 1 in Transmutations
  7018 | D:6      | Reached skill level 1 in Maces & Flails
  7018 | D:6      | Reached skill level 1 in Poison Magic
  7143 | D:6      | Learned a level 2 spell: Searing Ray
  7148 | D:6      | Learned a level 4 spell: Hailstorm
  7190 | D:6      | Found a faded altar of an unknown god.
  7190 | D:6      | Found a hazy altar of Hepliaklqana.
  7192 | D:6      | Found a faded altar of an unknown god.
  7238 | D:6      | Found a radiant altar of Vehumet.
  7498 | D:6      | Found Luatih's Antique Weapon Boutique.
  7546 | D:6      | Found a staircase to the Ecumenical Temple.
  7707 | Temple   | Entered the Ecumenical Temple
  7925 | Temple   | Learned a level 1 spell: Beastly Appendage
  7977 | D:7      | Found a white marble altar of Elyvilon.
  8018 | D:7      | Found an ornate altar of the Wu Jian Council.
  8169 | D:7      | Found a sparkling altar of Nemelex Xobeh.
  8454 | D:7      | Found a sacrificial altar of Ru.
  8770 | D:7      | Noticed Harold
  8788 | D:7      | Mangled by Harold

Illustrated notes

Levels and vault maps discovered:
D:1:      dpeg_arrival_three_smaller_balls, layout_basic,
          ebering_ecumenical_altar_box, minmay_tiny_reverse_x
D:2:      layout_basic, serial_shops, nicolae_shop_waterfront,
          minmay_tetromino_l2, uniq_jessica
D:3:      layout_basic, gammafunk_ghost_split
D:4:      minmay_diamond_boxcup, layout_basic, enter_ossuary_2, serial_shops,
          shop
D:5:      layout_loops_ring, trog_three_pillars_becter, tgw_fedhas,
          serial_rivers, chequers_serial_rivers_micro_e,
          chequers_serial_rivers_small_b, chequers_serial_rivers_micro_b,
          chequers_serial_rivers_micro_e, serial_shops,
          nicolae_shop_competitors_out_of_business, nicolae_stop_n_shop_2,
          st_stairs_1, uniq_ijyb, uniq_grinder, uniq_pikel
D:6:      layout_rooms, nicolae_vehumet_altar_sigil,
          nicolae_hepliaklqana_ecumenical_no_more, minmay_temple_entry_slanted,
          serial_shops, shop
D:7:      layout_basic, nemelex_spade_bored_becter,
          mainiacjoe_overflow_alcove_2, old_standard_altar, elyvilon_altar_4,
          uniq_harold
Temple:   minmay_temple_curvy_loop

Skill      XL: |  1  2  3  4  5  6  7  8  9 |
---------------+----------------------------+-----
Stealth        | 2 3 |  3.3
Dodging        | 2 3 4 |  4.2
Spellcasting   | 3 4 6 7 |  7.2
Ice Magic      | 5 6 7 |  7.7
Polearms       | 1 3 4 5 |  5.2
Fighting       | 1 2 3 |  3.3
Transmutations | 1 |  1.4
Maces & Flails | 2 |  2.6
Poison Magic   | 1 |  1.3
Short Blades   | |  0.2

Action                   |  1- 3 |  4- 6 |  7- 9 || total
-------------------------+-------+-------+-------++-------
Melee: Unarmed           |    14 |       |       ||    14
       Short sword       |     3 |       |       ||     3
       Trident           |    13 |   199 |    92 ||   304
       Tailslap          |       |    30 |    33 ||    63
       Club              |       |       |   118 ||   118
       Punch             |       |       |     1 ||     1
       Kick              |       |       |     1 ||     1
 Cast: Freeze            |    49 |     7 |    10 ||    66
       Frozen Ramparts   |       |     7 |    23 ||    30
       Ozocubu's Armour  |       |     4 |    14 ||    18
       Sting             |       |       |    19 ||    19
       Beastly Appendage |       |       |     1 ||     1
       Searing Ray       |       |       |     1 ||     1
  Use: Scroll            |       |     2 |       ||     2
       Potion            |       |       |     1 ||     1
 Stab: Sleeping          |     1 |     5 |     3 ||     9
       Distracted        |       |     1 |     1 ||     2
Armor: Skin              |    25 |    74 |    84 ||   183
Dodge: Dodged            |    42 |    89 |   146 ||   277
